 Dungeon Sprint DCSS version 0.30-a0-311-gf115ab0292 (webtiles) character file.

Game seed: 15594437874709617289

1919 rocky1 the Grappler (level 8, -2/79 HPs)
             Began as a White Draconian Transmuter on Oct 26, 2022.
             Was an Initiate of Gozag.
             Slain by a two-headed ogre
             ... wielding a +0 giant club
              (8 damage)
             ... in the Dungeon (Sprint IX: "|||||||||||||||||||||||||||||").
             The game lasted 00:02:34 (903 turns).

rocky1 the Grappler (White Draconian Transmuter)     Turns: 903, Time: 00:02:35

Health: -2/79      AC:  7    Str: 13    XL:     8   Next: 95%
Magic:  14/19      EV: 12    Int: 16    God:    Gozag
Gold:   522        SH:  0    Dex: 11    Spells: 11/21 levels left

rFire   x . .      SeeInvis .      - Unarmed
rCold   + + +      Faith    .    (shield currently unavailable)
rNeg    . . .      Spirit   .    (body armour unavailable)
rPois   +          Reflect  .    (helmet currently unavailable)
rElec   .          Harm     .    (cloak currently unavailable)
rCorr   .          Rampage  .    (gloves currently unavailable)
Will    .....      NoTele   +    (boots currently unavailable)
Stlth   +.........               (no amulet)
HPRegen 0.33/turn                (no ring)
MPRegen 0.16/turn                (no ring)

@: short of breath, ice-form, gold aura, invisible
A: freezing attack, amphibious, boosted hp, (breathe frost), AC +6, large,
unfitting armour, (cold resistance 1), (cold-blooded)
a: End Transformation, Renounce Religion, Potion Petition, Call Merchant, Bribe
Branch


You were in the Dungeon.
You worshipped Gozag.
Gozag was pleased with you.
You were a creature of crystalline ice.
You visited 1 branch You collected 522 gold pieces.

Inventory:

Armour
 k - a +0 cloak (melded)
Jewellery
 l - a +2 ring of protection
 m - a +3 ring of dexterity
Wands
 j - a wand of roots (10)
Scrolls
 g - 2 scrolls of blinking
 i - 2 scrolls of amnesia
Potions
 a - a potion of lignification
 d - a potion of haste
 e - 4 potions of magic
 f - a potion of berserk rage
 h - 4 potions of curing


   Skills:
 + Level 4.2 Fighting
 + Level 7.4 Dodging
 - Level 1.1 Stealth
 + Level 14.3 Unarmed Combat
 + Level 7.4 Spellcasting
 + Level 7.6 Transmutations
 + Level 4.9 Ice Magic


You had 11 spell levels left.
You knew the following spells:

 Your Spells              Type           Power      Damage    Failure   Level
a - Beastly Appendage     Tmut           60%        N/A       1%          1
b - Wereblood             Tmut           30%        N/A       1%          2
c - Spider Form           Tmut/Pois      18%        N/A       8%          3
d - Ice Form              Ice/Tmut       26%        N/A       9%          4

Your spell library contained the following spells:

 Spells                   Type           Power      Damage    Failure   Level


Dungeon Overview and Level Annotations

Branches:
Dungeon (1/1)

Altars:
Cheibriados
Dithmenos
Elyvilon
Fedhas
Gozag
Hepliaklqana
Kikubaaqudgha
Makhleb
Nemelex Xobeh
Okawaru
Qazlal
Ru
Sif Muna
Trog
Uskayaw
Vehumet
Wu Jian
Xom
Yredelemnul
Zin
The Shining One
Jiyva
Lugonu


Innate Abilities, Weirdness & Mutations

You are a creature of crystalline ice.
You have a powerful freezing melee attack.
You are amphibious.
Your maximum health is increased.
Your armour is entirely melded.
You are incapable of wielding weapons or throwing items.
((You can breathe waves of freezing cold which knock back foes.))
((Your icy white scales are hard. (AC +6)))
You cannot fit into any form of body armour.
((Your flesh is cold resistant. (rC+)))
((You are cold-blooded and may be slowed by cold attacks.))


Message History

You kill the cyclops!
The centaur is no longer distracted by gold.
Your Dodging skill increases to level 7!
Your Spellcasting skill increases to level 7!
Your Transmutations skill increases to level 7!
Your Ice Magic skill increases to level 4!
Unknown command.
You punch the wraith! You freeze the wraith.
The wraith is severely damaged.
The wraith is distracted by your dazzling golden aura.
You catch the helpless wraith completely off-guard!
You pummel the wraith!!
You destroy the wraith!
The centaur is distracted by your dazzling golden aura.
Your Fighting skill increases to level 4!
Your Unarmed Combat skill increases to level 14!
You catch the helpless troll completely off-guard!
You punch the troll! You freeze the troll!
The troll is severely wounded.
The centaur shouts!
You hit the troll. You freeze the troll.
The troll is almost dead.
The troll bites you!
* * * LOW HITPOINT WARNING * * *
The troll barely misses you. The troll closely misses you.
You catch the helpless troll completely off-guard!
You pummel the troll!! You freeze the troll.
You kill the troll!
Unknown command.
Unknown command.
The two-headed ogre is distracted by your dazzling golden aura.
Things that are here:
378 gold pieces; 4 large rocks The two-headed ogre shouts in stereo!
You hit the two-headed ogre but do no damage.
The two-headed ogre is no longer distracted by gold.
The two-headed ogre closely misses you.
The two-headed ogre hits you with a +0 giant spiked club!
You die...
Your body crumbles into a pile of gold. ▓▓▓▓▓▓▓▓▓▓▓▓▓▓▓▓▓▓▓▓▓▓▓ +.c..OY$...)))'..[.[.). ▓▓▓▓▓▓▓▓▓▓▓▓▓▓▓▓▓▓▓▓▓▓▓ $ $$$$$ $ $ $ $$$

You could see a two-headed ogre (unable to see you) and a centaur (unable to see you).

Vanquished Creatures
  An ugly thing (D)
  A cyclops (D)
  A kobold demonologist (D)
  A troll (D)
  A shadow (D)
  A wraith (D)
  2 centaurs (D)
  A wight (D)
  2 howler monkeys (D)
  A hound (D)
  An adder (D)
  A white imp (D)
  A dart slug (D)
  2 ball pythons (D)
  A goblin (D)
  A frilled lizard (D)
  A kobold (D)
20 creatures vanquished.

Notes
Turn   | Place    | Note
-------+----------+-------------------------------------------
     0 | D        | rocky1 the Draconian Transmuter began the quest for the
                  | Orb.
     0 | D        | Reached XP level 1. HP: 16/16 MP: 3/3
    13 | D        | Reached skill level 4 in Unarmed Combat
    20 | D        | Noticed a hound
    20 | D        | Noticed a howler monkey
    30 | D        | Reached XP level 2. HP: 17/23 MP: 2/5
    41 | D        | Killed a howler monkey
    42 | D        | Reached skill level 6 in Unarmed Combat
    42 | D        | Reached XP level 3. HP: 19/28 MP: 3/7
    54 | D        | Reached XP level 4. HP: 9/35 MP: 3/9
    58 | D        | Reached skill level 7 in Unarmed Combat
   381 | D        | Learned a level 2 spell: Wereblood
   385 | D        | Learned a level 3 spell: Spider Form
   390 | D        | Learned a level 4 spell: Ice Form
   394 | D        | Found a snail-covered altar of Cheibriados.
   394 | D        | Found a shadowy altar of Dithmenos.
   394 | D        | Found a white marble altar of Elyvilon.
   394 | D        | Found a blossoming altar of Fedhas.
   394 | D        | Found an opulent altar of Gozag.
   395 | D        | Found a hazy altar of Hepliaklqana.
   396 | D        | Found a viscous altar of Jiyva.
   397 | D        | Found an ancient bone altar of Kikubaaqudgha.
   398 | D        | Found a corrupted altar of Lugonu.
   399 | D        | Found a burning altar of Makhleb.
   400 | D        | Found a sparkling altar of Nemelex Xobeh.
   401 | D        | Found an iron altar of Okawaru.
   402 | D        | Found a stormy altar of Qazlal.
   404 | D        | Became a worshipper of Gozag Ym Sagoz the Greedy
   406 | D        | Found a sacrificial altar of Ru.
   407 | D        | Found a shimmering blue altar of Sif Muna.
   408 | D        | Found a bloodstained altar of Trog.
   409 | D        | Found a hide-covered altar of Uskayaw.
   410 | D        | Found a radiant altar of Vehumet.
   411 | D        | Found an ornate altar of the Wu Jian Council.
   412 | D        | Found a shimmering altar of Xom.
   413 | D        | Found a basalt altar of Yredelemnul.
   414 | D        | Found a glowing silver altar of Zin.
   415 | D        | Found a glowing golden altar of the Shining One.
   631 | D        | Noticed a centaur
   631 | D        | Noticed a kobold demonologist
   631 | D        | Noticed a shadow
   631 | D        | Noticed a centaur
   636 | D        | Killed a centaur
   637 | D        | Reached skill level 8 in Unarmed Combat
   637 | D        | Reached skill level 1 in Ice Magic
   637 | D        | Reached XP level 5. HP: 35/41 MP: 1/11
   640 | D        | Reached skill level 1 in Stealth
   646 | D        | Killed a shadow
   647 | D        | Reached skill level 5 in Dodging
   647 | D        | Reached skill level 10 in Unarmed Combat
   647 | D        | Reached skill level 5 in Spellcasting
   647 | D        | Reached skill level 5 in Transmutations
   647 | D        | Reached XP level 6. HP: 36/50 MP: 2/14
   655 | D        | Killed a kobold demonologist
   656 | D        | Reached skill level 11 in Unarmed Combat
   656 | D        | Your scales start taking on an icy white colour.
   656 | D        | Reached XP level 7. HP: 39/56 MP: 3/16
   656 | D        | Gained mutation: Your flesh is cold resistant. (rC+) [White
                  | Draconian growth]
   664 | D        | Reached skill level 12 in Unarmed Combat
   881 | D        | Noticed a two-headed ogre
   881 | D        | Noticed a troll
   881 | D        | Noticed a wraith
   881 | D        | Noticed a cyclops
   881 | D        | Noticed a purple ugly thing
   889 | D        | Killed a purple ugly thing
   890 | D        | Reached skill level 13 in Unarmed Combat
   890 | D        | Reached XP level 8. HP: 49/63 MP: 12/18
   893 | D        | HP: 2/75 [cyclops (28)]
   896 | D        | Killed a cyclops
   899 | D        | Reached skill level 14 in Unarmed Combat
   901 | D        | Killed a troll
   903 | D        | Slain by a two-headed ogre

Illustrated notes

Levels and vault maps discovered:
D:        linesprint [early_d, line_temple, items_1, d_10, items_2, lair_1,
          lair_end, items_3, orc_1, orc_end, items_4, d_15, swamp_1, shoals_1,
          snake_1, spider_1, d_20, vaults_1, items_5, swamp_end, shoals_end,
          snake_end, spider_end, vaults_end, d_27, items_6, zot_1, zot_end,
          crypt_end, forest_end, elf_end, slime_end, tomb_end, abyss_end,
          pan_hell_end]

Skill      XL: |  1  2  3  4  5  6  7  8 |
---------------+-------------------------+-----
Dodging        | 2 3 4 5 6 7 |  7.4
Unarmed Combat | 4 6 8 10 11 13 14 | 14.3
Spellcasting   | 3 4 5 6 7 |  7.4
Transmutations | 3 4 5 6 7 |  7.6
Ice Magic      | 1 2 3 4 |  4.9
Fighting       | 2 3 4 |  4.2
Stealth        | 1 |  1.1

Action                   |  1- 3 |  4- 6 |  7- 9 || total
-------------------------+-------+-------+-------++-------
Melee: Unarmed           |    37 |    25 |    22 ||    84
       Kick              |     5 |     1 |       ||     6
       Headbutt          |     4 |     1 |       ||     5
       Tailslap          |     3 |     1 |       ||     4
 Cast: Beastly Appendage |     3 |       |       ||     3
       Ice Form          |       |     1 |     1 ||     2
 Abil: Breathe Frost     |       |       |     1 ||     1
  Use: Potion            |     1 |     1 |     3 ||     5
 Stab: Invisible         |       |       |     3 ||     3
       Distracted        |       |       |     1 ||     1
Armor: Skin              |     9 |     3 |     3 ||    15
Dodge: Dodged            |    20 |    11 |    10 ||    41

Table legend: (Time is in decaauts)
 A = Elapsed time spent in this place.
 B = Non-inter-level travel time spent in this place.
 C = Inter-level travel time spent in this place.
 D = Time resting spent in this place.
 E = Time spent auto-exploring this place.
 F = Levels seen in this place.
 G = Mean time per level.
                   A        B        C        D        E       F      G
               +--------+--------+--------+--------+--------+-----+--------+
         Total |    890 |    890 |      0 |    693 |      0 |   1 |  890.0 |
       Dungeon |    890 |    890 |      0 |    693 |      0 |   1 |  890.0 |
               +--------+--------+--------+--------+--------+-----+--------+

Top non-repeatable levels by time:
       D: 890 daAuts
